 Dungeon Crawl Stone Soup version 0.29-a0-789-g7a8fcbc185 (webtiles) character file.

Game seed: 1733881712378351096

43 purpskrrrp the Cutter (level 3, 0/28 HPs)
             Began as a Demigod Wanderer on July 2, 2022.
             Slain by a goblin
             ... wielding a +0 dagger
              (1 damage)
             ... on level 2 of the Dungeon.
             The game lasted 00:06:09 (1126 turns).

purpskrrrp the Cutter (Demigod Wanderer)            Turns: 1126, Time: 00:06:10

Health: 0/28       AC:  3    Str: 12    XL:     3   Next: 20%
Magic:  5/5        EV: 10    Int: 10    God:
Gold:   41         SH:  6    Dex: 22    Spells: 2/2 levels left

rFire   . . .      SeeInvis .   a - +0 rapier
rCold   . . .      Faith    .   c - +1 buckler
rNeg    . . .      Spirit   .   e - +0 leather armour
rPois   .          Reflect  .   (no helmet)
rElec   .          Harm     .   (no cloak)
rCorr   .          Rampage  .   (no gloves)
Will    .....                   (no boots)
Stlth   ++........              (no amulet)
HPRegen 0.09/turn               (no ring)
MPRegen 0.09/turn               (no ring)

@: no status effects
A: high MP 1, forlorn, divine attributes
a: no special abilities


You were on level 2 of the Dungeon.
You visited 1 branch of the dungeon, and saw 2 of its levels.

You collected 41 gold pieces.

Inventory:

Hand Weapons
 a - a +0 rapier (weapon)
Missiles
 f - 5 poisoned darts (quivered)
Armour
 c - a +1 buckler (worn)
 e - a +0 leather armour (worn)
Magical Staves
 h - a staff of conjuration
Potions
 b - a potion of attraction
 g - 3 potions of berserk rage {unknown}
 j - a potion of cancellation {unknown}


   Skills:
 + Level 1.1 Fighting
 * Level 5.2 Short Blades
 + Level 1.0 Throwing
 + Level 1.5 Armour
 + Level 0.1 Dodging
 * Level 0.2 Stealth
 + Level 1.0 Shields
 + Level 1.0 Evocations


You had 2 spell levels left.
You didn't know any spells.
Your spell library contained the following spells:

 Spells                   Type           Power      Damage    Failure   Level
 Sting                    Tmut/Pois      0%         1d3       54%         1
 Poisonous Vapours        Pois/Air       0%         N/A       69%         2
 Olgreb's Toxic Radiance  Pois           0%         N/A       100%        4


Dungeon Overview and Level Annotations

Branches:
Dungeon (2/15)


Innate Abilities, Weirdness & Mutations

You have an increased reservoir of magic. (+10% MP)
You shall have no god before yourself.
Your divine heritage dramatically boosts your attributes as you level up.


Message History

Your experience leads to a dramatic increase in your attributes!
Increase (S)trength, (I)ntelligence, or (D)exterity?
You feel agile. x4
You closely miss the kobold.
You feel sick. The kobold hits you with a +0 club.
You puncture the kobold!
You kill the kobold!
You feel sick.
You hit the giant cockroach.
You kill the giant cockroach!
You feel sick. You block the endoplasm's attack.
The goblin unwields a +0 dagger.
The goblin wields a +0 sling.
The goblin shoots a sling bullet.
The sling bullet barely misses you.
The sling bullet hits the endoplasm but does no damage.
You feel sick.
You are no longer poisoned.
The goblin unwields a +0 sling.
The goblin wields a +0 dagger.
The goblin hits you but does no damage.
Items here: )) †††††.
You barely miss the endoplasm. The endoplasm freezes you.
You are frozen.
The goblin hits you with a +0 dagger.
You hit the endoplasm but do no damage. The endoplasm closely misses you.
The goblin hits you with a +0 dagger.
You hit the endoplasm.
The endoplasm is heavily wounded.
The endoplasm freezes you.
You are frozen.
* * * LOW HITPOINT WARNING * * *
The goblin hits you with a +0 dagger.
* * * LOW HITPOINT WARNING * * *
You barely miss the endoplasm.
The endoplasm is heavily wounded.
The endoplasm freezes you.
You are frozen.
* * * LOW HITPOINT WARNING * * *
You block the goblin's attack.
You hit the endoplasm.
You kill the endoplasm!
The goblin hits you with a +0 dagger.
You die...

.....#..#
....?..#
............
.)[.....#.. ##
.... .....
#...###..##...# .
..............#..
#)#.......#
#@#....K...
#)g<.......
#..........
.............
...............
................
................
................
................


You could see a goblin.

Vanquished Creatures
  An adder (D:2)
  A dart slug (D:1)
  3 endoplasms
  3 giant cockroaches
  9 goblins
  4 hobgoblins (D:1)
  A quokka (D:1)
  2 bats
  A frilled lizard (D:1)
  2 kobolds
  2 rats (D:1)
29 creatures vanquished.

Notes
Turn   | Place    | Note
-------+----------+-------------------------------------------
     0 | D:1      | purpskrrrp the Demigod Wanderer began the quest for the
                  | Orb.
     0 | D:1      | purpskrrrp set off with the following items: a +0 rapier, a
                  | potion of attraction, a +0 buckler, a scroll of fear, a +0
                  | leather armour.
     0 | D:1      | Reached XP level 1. HP: 16/16 MP: 3/3
   194 | D:1      | Reached XP level 2. HP: 21/23 MP: 4/4
   242 | D:1      | Reached skill level 5 in Short Blades
  1118 | D:2      | Reached XP level 3. HP: 21/28 MP: 5/5
  1125 | D:2      | HP: 1/28 [frozen (4)]
  1126 | D:2      | Slain by a goblin

Illustrated notes

Levels and vault maps discovered:
D:1:      psy_arrival_dodecagon, layout_basic,
          hellmonk_ecumenical_altar_arch_garden
D:2:      layout_rooms, uniq_terence

Skill      XL: |  1  2 |
---------------+-------+-----
Short Blades   | 5 |  5.2
Fighting       | |  1.1
Throwing       | |  1.0
Armour         | |  1.5
Dodging        | |  0.1
Stealth        | |  0.2
Shields        | |  1.0
Evocations     | |  1.0

Action                   || total
-------------------------++-------
Melee: Rapier            ||    89
Throw: Dart              ||     6
  Use: Scroll            ||     4
Armor: Leather armour    ||    38
Dodge: Dodged            ||    43
Block: Buckler           ||    21

Table legend: (Time is in decaauts)
 A = Elapsed time spent in this place.
 B = Non-inter-level travel time spent in this place.
 C = Inter-level travel time spent in this place.
 D = Time resting spent in this place.
 E = Time spent auto-exploring this place.
 F = Levels seen in this place.
 G = Mean time per level.
                   A        B        C        D        E       F      G
               +--------+--------+--------+--------+--------+-----+--------+
         Total |   1126 |   1085 |     41 |    282 |    567 |   2 |  563.0 |
       Dungeon |   1126 |   1085 |     41 |    282 |    567 |   2 |  563.0 |
               +--------+--------+--------+--------+--------+-----+--------+

Top non-repeatable levels by time:
     D:1: 1099 daAuts
     D:2: 27 daAuts
